 Dungeon Crawl Stone Soup version 0.26-a0-540-g8a0c9464d7 (webtiles) character file.

Game seed: 993368062086283999

93 pk666 the Magician (level 4, -7/24 HPs)
             Began as a Deep Elf Hedge Wizard on Aug 15, 2020.
             Was an Initiate of Vehumet.
             Mangled by Crazy Yiuf
             ... wielding a +2 quarterstaff of chaos
              (19 damage)
             ... on level 2 of the Dungeon.
             The game lasted 00:02:40 (2081 turns).

pk666 the Magician (Deep Elf Hedge Wizard)          Turns: 2081, Time: 00:02:41

Health: -7/24      AC:  2    Str:  7    XL:     4   Next: 36%
Magic:  12/13      EV: 13    Int: 20    God:    Vehumet [......]
Gold:   54         SH:  5    Dex: 14    Spells: 2/13 levels left

rFire    . . .     SeeInvis .   a - +0 dagger
rCold    . . .     Faith    .   (no shield)
rNeg     . . .     Spirit   .   b - +0 robe
rPois    +         Reflect  +   c - +0 hat
rElec    .         Harm     .   (no cloak)
rCorr    .                      (no gloves)
MR       +....                  (no boots)
Stlth    ++........             l - amulet of reflection
HPRegen  0.08/turn              d - ring of protection from magic
MPRegen  0.13/turn              h - ring of poison resistance

@: no status effects
A: no striking features
a: Renounce Religion


You were on level 2 of the Dungeon.
You worshipped Vehumet.
Vehumet was noncommittal.
You visited 1 branch of the dungeon, and saw 2 of its levels.

You collected 54 gold pieces.

Inventory:

Hand Weapons
 a - a +0 dagger (weapon)
Armour
 b - a +0 robe (worn)
 c - a +0 hat (worn)
Jewellery
 d - a ring of protection from magic (left hand)
 h - a ring of poison resistance (right hand)
 k - an uncursed ring of fire
 l - an amulet of reflection (around neck)
Scrolls
 e - 2 scrolls of remove curse {unknown}
 g - a scroll of amnesia {unknown}
 i - a scroll of enchant armour {unknown}
 j - 4 scrolls of identify {unknown}
Potions
 f - 2 potions of curing {unknown}
 m - a potion of invisibility {unknown}


   Skills:
 - Level 2.4 Dodging
 - Level 2.4 Stealth
 + Level 5.3 Spellcasting
 + Level 2.6 Conjurations
 + Level 1.5 Summonings
 - Level 2.0 Translocations
 + Level 0.6 Fire Magic
 + Level 0.7 Air Magic
 + Level 0.9 Poison Magic


You had 2 spell levels left.
You knew the following spells:

 Your Spells              Type           Power        Failure   Level
a - Magic Dart            Conj           ###.         3%          1
b - Blink                 Tloc           N/A          8%          2
c - Conjure Flame         Conj/Fire      ##......     17%         3
d - Mephitic Cloud        Conj/Pois/Air  ##......     19%         3
e - Call Imp              Summ           ##......     9%          2

Your spell library contained the following spells:

 Spells                   Type           Power        Failure   Level
 Slow                     Hex            #.......     17%         2


Dungeon Overview and Level Annotations

Branches:
Dungeon (2/15)

Altars:
Fedhas
Nemelex Xobeh
Okawaru
Ru
Vehumet
Wu Jian
Xom
Yredelemnul

Annotations:
D:2 Crazy Yiuf


Message History

You kneel at the altar of Vehumet.
Vehumet welcomes you!
Unknown command.
Press < or > to pray at altars.
You open the door.
Crazy Yiuf whimpers, "Adder alas snail!"
Crazy Yiuf grits, "Tonal!
Adder unthinkable poople."
Crazy Yiuf cries, "Paint Hive wrapper!"
Casting: Magic Dart (safe; 3% risk of failure)
Confirm with . or Enter, or press ? or * to list all spells.
Aiming: Magic Dart (safe; 3% risk of failure)
Press: ? - help, Shift-Dir - straight line, f - Crazy Yiuf
Aim: Crazy Yiuf, wielding a +2 quarterstaff of chaos and wearing a +0 cloak The magic dart hits Crazy Yiuf.
Crazy Yiuf is moderately wounded.
Crazy Yiuf hits you with a +2 quarterstaff of chaos!
Ouch! That really hurt!
You are electrocuted!!
Ouch! That really hurt!
You die...

#.# #.....#..# ♣♣.♣
#.###.#.#....# ♣.♣♣
#.##..#.##...# ♣♣.♣
###............#
♣♣.♣♣
#..............#
♣♣...♣
######.......###
♣....♣ #.........#
#....#
#########.####....#
#..@g....##
#####...## #####


You could see Crazy Yiuf.

Vanquished Creatures
  Jessica (D:2)
  2 adders (D:2)
  An ooze (D:2)
  A worm (D:2)
  3 dart slugs
  7 bats
  2 giant cockroaches (D:1)
  2 goblins
  4 hobgoblins
  3 jackals (D:1)
  A quokka (D:2)
  A ball python (D:2)
  3 frilled lizards (D:1)
  A kobold (D:2)
  3 rats
35 creatures vanquished.

Notes
Turn   | Place    | Note
-------+----------+-------------------------------------------
     0 | D:1      | pk666 the Deep Elf Hedge Wizard began the quest for the
                  | Orb.
     0 | D:1      | Reached XP level 1. HP: 10/10 MP: 7/7
   355 | D:1      | Reached XP level 2. HP: 15/15 MP: 5/9
   456 | D:1      | Learned a level 2 spell: Blink
   827 | D:1      | Reached skill level 5 in Spellcasting
  1179 | D:2      | Found a blossoming altar of Fedhas.
  1250 | D:2      | Found an iron altar of Okawaru.
  1260 | D:2      | Reached XP level 3. HP: 19/19 MP: 6/11
  1267 | D:2      | Learned a level 3 spell: Conjure Flame
  1271 | D:2      | Learned a level 3 spell: Mephitic Cloud
  1274 | D:2      | Learned a level 2 spell: Call Imp
  1508 | D:2      | Noticed Jessica
  1511 | D:2      | Killed Jessica
  1511 | D:2      | Reached XP level 4. HP: 24/24 MP: 9/13
  1557 | D:2      | Found a sparkling altar of Nemelex Xobeh.
  1688 | D:2      | Found a runed translucent door.
  1689 | D:2      | Noticed Crazy Yiuf
  1849 | D:2      | Found a shimmering altar of Xom.
  1851 | D:2      | Found a white marble altar of Elyvilon.
  1851 | D:2      | Found an iron altar of Okawaru.
  1853 | D:2      | Found a basalt altar of Yredelemnul.
  1853 | D:2      | Found a sacrificial altar of Ru.
  1853 | D:2      | Found an ornate altar of the Wu Jian Council.
  1962 | D:2      | Found a radiant altar of Vehumet.
  1973 | D:2      | Became a worshipper of Vehumet
  2081 | D:2      | Mangled by Crazy Yiuf

Illustrated notes

Levels and vault maps discovered:
D:1:      minmay_arrival_cross, layout_basic, minivault_4,
          hangedman_decor_lopped, kennysheep_another_room
D:2:      layout_rooms, fedhas_altar_4, doesnt_xom_only_xom,
          nemelex_xobeh_ov_fountains_minmay, vehumet_crystals,
          okawaru_metal_pillars_1_2, uniq_crazy_yiuf_cottage, uniq_jessica

Skill      XL: |  1  2  3  4 |
---------------+-------------+-----
Conjurations   | 2 |  2.6
Spellcasting   | 5 |  5.3
Translocations | 2 |  2.0
Dodging        | |  2.4
Stealth        | |  2.4
Summonings     | |  1.5
Fire Magic     | |  0.6
Air Magic      | |  0.7
Poison Magic   | |  0.9

Action                   |  1- 3 |  4- 6 || total
-------------------------+-------+-------++-------
Melee: Dagger            |     4 |       ||     4
 Cast: Magic Dart        |    69 |    26 ||    95
Armor: Robe              |     3 |       ||     3
Dodge: Dodged            |    10 |       ||    10
Block: Other             |       |     1 ||     1

Table legend: (Time is in decaauts)
 A = Elapsed time spent in this place.
 B = Non-inter-level travel time spent in this place.
 C = Inter-level travel time spent in this place.
 D = Time resting spent in this place.
 E = Time spent auto-exploring this place.
 F = Levels seen in this place.
 G = Mean time per level.
                   A        B        C        D        E       F      G
               +--------+--------+--------+--------+--------+-----+--------+
         Total |   2079 |   2046 |     33 |    114 |   1728 |   2 | 1039.5 |
       Dungeon |   2079 |   2046 |     33 |    114 |   1728 |   2 | 1039.5 |
               +--------+--------+--------+--------+--------+-----+--------+

Top non-repeatable levels by time:
     D:1: 1153 daAuts
     D:2: 925 daAuts
